 Dungeon Crawl Stone Soup version 0.19-a0-1886-gd64a0f0 (webtiles) character file.

345 KarmaPolice the Vandal (level 6, 0/42 HPs)
             Began as a Halfling Hunter on Oct 16, 2016.
             Slain by a bullfrog (2 damage)
             ... in a sewer.
             The game lasted 00:18:55 (3850 turns).

KarmaPolice the Vandal (Halfling Hunter)            Turns: 3850, Time: 00:18:57

Health: 0/42       AC:  8    Str: 14    XL:     6   Next: 89%
Magic:  6/6        EV: 14    Int:  9    God:
Gold:   73         SH:  0    Dex: 16    Spells: 0 memorised, 5 levels left

rFire  . . .     SeeInvis .     a - +1 hunting sling
rCold  . . .     Gourm    .     q - +0 swamp dragon scales
rNeg   . . .     Faith    .     (shield restricted)
rPois  +         Spirit   .     k - +1 hat
rElec  .         Dismiss  .     (no cloak)
rCorr  .         Reflect  .     (no gloves)
MR     .....     Harm     .     (no boots)
Stlth  ..........               (no amulet)
                                (no ring)
                                (no ring)

@: confused
A: mutation resistance 1
a: no special abilities


You were in a sewer.
You were not hungry.

You visited 1 branch of the dungeon, and saw 3 of its levels.
You also visited: Sewer.

You collected 73 gold pieces.

Inventory:

Hand Weapons
 a - a +1 hunting sling (weapon)
 b - a +0 short sword
Missiles
 d - 47 sling bullets
 l - 56 stones (quivered)
Armour
 k - a +1 hat (worn)
 q - +0 swamp dragon scales (worn)
Jewellery
 n - a cursed ring of teleportation {unknown}
Scrolls
 h - a scroll of enchant weapon {unknown}
 j - a scroll of blinking {unknown}
 r - 3 scrolls of remove curse {unknown}
 s - 5 scrolls of identify {unknown}
 t - a scroll of immolation {unknown}
 u - a scroll of fog {unknown}
Potions
 e - a potion of brilliance {unknown}
 g - a potion of might {unknown}
 i - a potion of ambrosia
 p - 2 potions of cancellation {unknown}
Books
 v - a book of Minor Magic

   Spells                             Type                      Level
   a - Magic Dart                     Conjuration                  1
   b - Blink                          Translocation                2
   c - Call Imp                       Summoning                    2
   d - Repel Missiles                 Charms/Air                   2
   e - Slow                           Hexes                        2
   f - Conjure Flame                  Conjuration/Fire             3
   g - Mephitic Cloud                 Conjuration/Poison/Air       3
Comestibles
 c - a slice of pizza
 f - 3 bread rations
 m - a beef jerky
 o - 5 chunks of flesh


   Skills:
 + Level 3.4 Fighting
 + Level 3.3 Short Blades
 + Level 7.4 Slings
 + Level 2.5 Armour
 - Level 3.1 Dodging
 - Level 1.3 Stealth


You had 5 spell levels left.
You didn't know any spells.

Dungeon Overview and Level Annotations

Branches:
Dungeon (3/15)

Altars:
Elyvilon
Yredelemnul


Innate Abilities, Weirdness & Mutations

You are small and have problems with some larger weapons.
You are somewhat resistant to further mutation.


Message History

Unknown command.
It was a potion of ambrosia.
You are confused.
You feel invigorated. The bullfrog hits you.
* * * LOW HITPOINT WARNING * * *
The bullfrog hits you.
* * * LOW HITPOINT WARNING * * *
The bullfrog closely misses you.
Okay, then.
Firing (i - inventory. (,) - cycle):
l - 57 stones (quivered)
Press: ? - help, Shift-Dir - straight line, f/p - bullfrog
Aim: a bullfrog (heavily wounded)
You shoot a stone. The stone barely misses the bullfrog.
The stone hits the ball python!
You kill the ball python!
You hear a splash.
The bullfrog closely misses you. The bullfrog hits you.
* * * LOW HITPOINT WARNING * * *
The bullfrog hits you.
You die...

############# #≈..≈.≈≈≈.≈.#####
#≈.≈≈≈≈≈≈≈.≈..∩.###
#.≈≈#########≈...≈##
####≈≈≈≈≈≈≈≈≈.≈####≈≈∩#
##≈.#.≈≈≈.#####≈≈≈≈#####
####≈≈≈#######≈∩≈#≈.≈.≈.≈##
##..≈≈..≈#.F≈≈.≈≈≈####≈≈≈≈≈##
##≈≈≈≈#.≈##SF@≈≈≈≈≈..≈###≈.≈≈#
#..≈≈##.≈#≈.#######..≈≈≈##.≈≈.
##≈≈≈##≈≈##≈≈#≈≈≈≈≈###≈≈≈≈##≈≈.
#≈≈≈≈#≈≈≈#.≈..≈..≈≈≈ ##≈≈..#≈.≈
##≈≈.##≈≈≈#≈≈≈..≈≈≈≈≈ ##≈≈≈##≈.
#..≈≈#≈≈≈≈#..≈≈$≈..≈≈ #≈≈≈≈#≈.
#∩.≈≈#≈≈≈≈#≈≈...$.≈≈≈ #≈≈≈≈#≈≈
#..≈≈#≈≈≈≈#≈≈≈.$%?.≈≈ #≈≈..#≈.
##.÷.##≈≈.##≈.≈..≈≈≈≈ ##.≈.##≈≈


You could see 2 bullfrogs and a ball python.

Vanquished Creatures
  Ijyb (D:2)
  Natasha (thrice) (D:2)
  7 adders
  2 river rats (D:3)
  9 oozes (Sewer)
  2 worms (D:3)
  17 leopard geckos
  3 bats (D:1)
  10 giant cockroaches
  10 goblins
  9 hobgoblins
  2 jackals
  4 kobolds
  12 ball pythons
  10 frilled lizards
  8 rats
109 creatures vanquished.

Notes
Turn   | Place    | Note
-------+----------+-------------------------------------------
     0 | D:1      | KarmaPolice the Halfling Hunter began the quest for the Orb.
     0 | D:1      | Reached XP level 1. HP: 14/14 MP: 1/1
   218 | D:1      | Reached XP level 2. HP: 19/19 MP: 2/2
   343 | D:1      | Reached skill level 1 in Short Blades
   364 | D:1      | Reached skill level 6 in Slings
   820 | D:1      | Reached XP level 3. HP: 16/24 MP: 3/3
  1385 | D:2      | Noticed Ijyb
  1414 | D:2      | Killed Ijyb
  1414 | D:2      | Reached XP level 4. HP: 12/29 MP: 4/4
  1781 | D:2      | Noticed Natasha
  1944 | D:2      | Killed Natasha
  2082 | D:2      | Reached XP level 5. HP: 35/35 MP: 5/5
  2146 | D:2      | Noticed Natasha
  2155 | D:2      | Killed Natasha
  2181 | D:2      | Noticed Natasha
  2187 | D:2      | Killed Natasha
  2187 | D:2      | Reached skill level 1 in Armour
  2192 | D:2      | Found a white marble altar of Elyvilon.
  2439 | D:2      | Found a basalt altar of Yredelemnul.
  2896 | D:3      | Reached XP level 6. HP: 21/42 MP: 6/6
  2901 | D:3      | Reached skill level 7 in Slings
  3054 | D:3      | Found a glowing drain.
  3060 | Sewer    | Entered a sewer
  3850 | Sewer    | HP: 2/42 [bullfrog (6)]
  3850 | Sewer    | Slain by a bullfrog

Vault maps used:
D:1:      sevenhm_arrival_forest_fort_small_5
D:2:      kennysheep_ying_yang, uniq_iyjb, uniq_natasha
D:3:      portal_sewer_entry_e, hangedman_decor_points, corexii_hall_statues_i,
          minmay_rat_hole
Sewer:    sewer_frog_island_02

Skill      XL: |  1  2  3  4  5  6 |
---------------+-------------------+-----
Fighting       | 2 3 |  3.4
Short Blades   | 1 2 3 |  3.3
Slings         | 6 7 |  7.4
Dodging        | 3 |  3.1
Armour         | 1 2 |  2.5
Stealth        | |  1.3

Action                   |  1- 3 |  4- 6 || total
-------------------------+-------+-------++-------
Melee: Short sword       |   111 |   394 ||   505
 Fire: Hunting sling     |    25 |   108 ||   133
  Use: Potion            |       |     1 ||     1
 Stab: Sleeping          |     1 |       ||     1
  Eat: Chunk             |     1 |     9 ||    10
Armor: Leather armour    |    34 |       ||    34
       Swamp dragon scal |       |   152 ||   152
Dodge: Dodged            |   112 |   408 ||   520
